 Dungeon Crawl Stone Soup version 0.25-a0-521-gb5d5f98535 (webtiles) character file.

Game seed: 16849663895855705768, levelgen mode: deterministic

123358 Eurus the Eclecticist (level 16, -12/130 HPs)
             Began as a Mummy Conjurer on Feb 18, 2020.
             Was a High Priest of Ashenzari.
             Killed from afar by Azrael (27 damage)
             ... with a fireball
             ... on level 1 of the Snake Pit.
             The game lasted 02:13:08 (47547 turns).

Eurus the Eclecticist (Mummy Conjurer)             Turns: 47547, Time: 02:13:08

Health: -12/130    AC: 18    Str: 12    XL:     16   Next: 36%
Magic:  39/44      EV:  7    Int: 24    God:    Ashenzari [*****.]
Gold:   2380       SH: 10    Dex: 13    Spells: 28/46 levels left

rFire    x . .     SeeInvis +   w - +8 whip of Tuin {venom, rElec} (curse)
rCold    + . .     Gourm    .   K - +0 kite shield
rNeg     + + +     Faith    .   o - +1 scale mail {MR+} (curse)
rPois    ∞         Spirit   .   (no helmet)
rElec    +         Reflect  .   p - +2 cloak
rCorr    .         Harm     .   x - +1 pair of gloves
MR       +++..     Clarity  +   f - +1 pair of boots
Stlth    ..........             j - amulet of regeneration (curse)
HPRegen  0.71/turn              H - ring of magical power
MPRegen  0.29/turn              u - +4 ring of intelligence

@: no status effects
A: no food or potions, fire vulnerability, cold resistance 1, negative energy
resistance 3, torment resistance, unbreathing, in touch with death 1
a: Curse Item, Scrying, Transfer Knowledge, Renounce Religion


You were on level 1 of the Snake Pit.
You worshipped Ashenzari.
Ashenzari was extremely pleased with you.
You were not hungry.

You visited 7 branches of the dungeon, and saw 29 of its levels.

You collected 2380 gold pieces.

Inventory:

Hand Weapons
 w - the cursed +8 whip of Tuin (weapon) {venom, rElec}
   (You found it on level 5 of the Dungeon)

   It poisons the flesh of those it strikes.
   It insulates you from electricity.
   It has a curse placed upon it.
Armour
 f - a +1 pair of boots (worn)
 o - a cursed +1 scale mail of magic resistance (worn)
 p - a +2 cloak (worn)
 x - a +1 pair of gloves (worn)
 K - a +0 kite shield (worn)
Jewellery
 a - an uncursed ring of stealth
 d - an uncursed ring of protection from magic
 j - a cursed amulet of regeneration (around neck)
 r - a +3 ring of intelligence
 u - a +4 ring of intelligence (right hand)
 D - a +2 ring of intelligence
 F - an uncursed ring of flight
 G - a +3 amulet of reflection
 H - a ring of magical power (left hand)
Wands
 m - a wand of clouds (5)
 n - a wand of digging (9)
 z - a wand of enslavement (22)
 C - a wand of random effects (87)
 J - a wand of disintegration (33)
Scrolls
 b - 14 scrolls of identify
 c - 8 scrolls of teleportation
 e - 6 scrolls of enchant weapon
 g - 12 scrolls of fear
 h - 5 scrolls of fog
 i - 4 scrolls of enchant armour
 l - 6 scrolls of magic mapping
 q - 2 scrolls of silence
 s - 5 scrolls of amnesia
 t - 3 scrolls of blinking
 v - 5 scrolls of remove curse
 y - 2 scrolls of holy word
 A - a scroll of vulnerability
 B - a scroll of brand weapon


   Skills:
 - Level 13.0 Fighting
 - Level 11.1 Armour
 * Level 8.0 Shields
 + Level 15.5 Spellcasting
 + Level 12.0 Conjurations
 + Level 9.3 Translocations


You had 28 spell levels left.
You knew the following spells:

 Your Spells              Type           Power        Failure   Level  Hunger
a - Magic Dart            Conj           ####         1%          1    N/A
b - Searing Ray           Conj           ######       1%          2    N/A
c - Iskenderun's Mystic   Conj/Tloc      ######..     3%          4    N/A
d - Blink                 Tloc           N/A          1%          2    N/A
e - Shroud of Golubria    Chrm/Tloc      #####.       6%          2    N/A
f - Gell's Gravitas       Tloc           ######....   1%          3    N/A
g - Passage of Golubria   Tloc           N/A          6%          4    N/A

Your spell library contained the following spells:

 Spells                   Type           Power        Failure   Level  Hunger
 Lesser Beckoning         Tloc           ######....   1%          3    N/A
 Teleport Other           Tloc           ######..     1%          3    N/A
 Dazzling Flash           Conj/Hex       #####.       7%          3    N/A
 Stone Arrow              Conj/Erth      #####.       7%          3    N/A
 Portal Projectile        Hex/Tloc       #####.       12%         3    N/A
 Fulminant Prism          Conj/Hex       #####.....   22%         4    N/A
 Animate Skeleton         Necr           N/A          26%         1    N/A
 Corona                   Hex            ###....      26%         1    N/A
 Pain                     Necr           ####         26%         1    N/A
 Sandblast                Erth           ###...       26%         1    N/A
 Passwall                 Tmut/Erth      ###.....     38%         2    N/A
 Slow                     Hex            ###.....     38%         2    N/A
 Inner Flame              Hex/Fire       ###.....     63%         3    N/A
 Vampiric Draining        Necr           ####......   63%         3    N/A
 Animate Dead             Necr           N/A          95%         4    N/A
 Cause Fear               Hex            ###.......   95%         4    N/A
 Leda's Liquefaction      Hex/Erth       ###.......   95%         4    N/A
 Petrify                  Tmut/Erth      ###.....     95%         4    N/A
 Agony                    Necr           ####....     100%        5    N/A
 Lee's Rapid Deconstruct  Erth           ###.......   100%        5    N/A

Dungeon Overview and Level Annotations

Branches:
Dungeon (15/15)            Temple (1/1) D:7            Lair (5/6) D:10
  Swamp (4/4) Lair:2        Snake (1/4) Lair:4        Slime (0/5) Lair:5
    Orc (2/2) D:12            Elf (1/3) Orc:2        Vaults (0/5) D:14
 Depths (0/5) D:15

Altars:
Ashenzari
Dithmenos
Elyvilon
Fedhas
Gozag
Hepliaklqana
Kikubaaqudgha
Makhleb
Okawaru
Qazlal
Ru
Trog
Uskayaw
The Shining One
Beogh
Jiyva

Shops:
D:9 (   Orc:2 ![?:

Annotations:
D:2 exclusion: bullfrog
D:14 exclusion: skeletal warrior
D:15 3 runed translucent doors
Lair:5 bugs
Snake:1 Azrael


Innate Abilities, Weirdness & Mutations

You do not eat or drink.
Your flesh is vulnerable to fire.
You are immune to poison.
Your flesh is cold resistant. (rC+)
You are immune to negative energy. (rN+++)
You are immune to unholy pain and torment.
You can survive without breathing.
You are in touch with the powers of death.


Message History

Aiming: Searing Ray (safe; 1% risk of failure)
Press: ? - help, Shift-Dir - straight line, f/p - Azrael
Aim: Azrael, wielding a +2 scimitar of flaming (lightly wounded, fast)
The searing ray hits Azrael!
Azrael is lightly wounded. (Press . to maintain the ray.)
The searing ray hits Azrael.
Azrael is moderately wounded.
Azrael gestures at you.
The sphere of damnation explodes!
The damnation engulfs you!!
You hear a bark!
The searing ray hits Azrael.
Azrael is moderately wounded.
You hear a bark!
Azrael gestures at you. The bolt of fire hits you!!!
The fire burns you terribly!
* * * LOW HITPOINT WARNING * * *
Azrael gestures at you.
The fireball explodes!
The fireball engulfs you!! The fire burns you terribly!
You die...

...................#
#..................#
###................#
##...............#
##........(.....# #
##.............# ##
##..##........# .#
#.###........# .##
### #.....@..# ..#
#.....[[.# %.#
#...R....# ..#
#..○[.[..# ..#
#........# #.#
#........# #.##
#####........#
#{.####...#.....#..#
{#{#.{....#.○.###..#


You could see Azrael.

Vanquished Creatures
  Frances (Snake:1)
  2 thorn hunters
  2 orc warlords
  10 hydras
  Josephine (D:13)
  A ghost crab (Swamp:2)
  5 naga warriors (Snake:1)
  11 alligators
  2 centaur warriors
  A shambling mangrove (Swamp:2)
  9 two-headed ogres
  3 dancing weapons
  2 ogre magi (D:15)
  2 death yaks
  2 tengu warriors
  3 orc high priests (Orc:2)
  2 shock serpents (Snake:1)
  A naga sharpshooter (Snake:1)
  Nergalle (D:10)
  Sonja (D:11)
  A skeletal warrior (D:14)
  4 swamp dragons
  3 unseen horrors
  3 naga ritualists (Snake:1)
  2 spriggan druids
  A wizard (D:15)
  5 orc knights
  3 deep elf magi
  5 ugly things
  2 mana vipers (Snake:1)
  5 orc sorcerers
  2 wolf spiders (D:15)
  3 cyclopes
  A salamander (Snake:1)
  2 manticores
  Joseph (D:9)
  Maurice (D:10)
  5 elephants (Lair:5)
  5 naga magi (Snake:1)
  A torpor snail (Lair:3)
  A centaur zombie (D:13)
  11 black mambas
  12 spiny frogs
  5 centaur skeletons
  3 yaktaurs (D:15)
  6 rime drakes
  A freezing wraith (D:14)
  6 komodo dragons
  9 trolls
  A tengu conjurer (D:14)
  4 hornets
  2 polar bears (Lair:5)
  Grinder (D:5)
  9 tyrant leeches
  50 slime creatures
  7 bog bodies
  9 hippogriffs
  Sigmund (D:4)
  A redback (shapeshifter) (D:15)
  A shadow (D:13)
  A water elemental (D:12)
  6 wraiths
  A vampire (D:12)
  3 wyverns
  A human (D:7)
  22 yaks
  3 basilisks
  A fire elemental (Snake:1)
  7 vampire mosquitoes (Swamp:2)
  Grum (D:10)
  A steam dragon (Lair:5)
  4 hogs (D:7)
  2 wargs
  3 hungry ghosts
  Menkaure (D:5)
  8 swamp worms
  2 acid dragons
  4 insubstantial wisps (Swamp:2)
  8 nagas (Snake:1)
  2 soldier ants
  A water moccasin (shapeshifter) (D:15)
  7 water moccasins
  A hell hound (Snake:1)
  2 swamp drakes
  A hornet zombie (D:8)
  An eye of draining (D:12)
  8 porcupines
  36 orc warriors
  3 sky beasts
  2 black bears
  7 ice beasts
  2 phantoms
  A necrophage (D:6)
  12 ogres
  5 centaurs
  23 wolves
  6 crocodiles
  A big kobold (D:12)
  17 bullfrogs
  An earth elemental (Elf:1)
  4 scorpions
  A water moccasin skeleton (D:5)
  14 killer bees
  3 wights (D:8)
  8 howler monkeys
  A troll skeleton (D:12)
  8 electric eels (D:12)
  2 spriggan skeletons (D:12)
  13 crimson imps
  2 quasits
  4 hounds
  3 bullfrog zombies
  31 orc priests
  A wyvern simulacrum (D:14)
  Crazy Yiuf (D:3)
  15 jellies
  35 orc wizards
  5 iguanas
  6 bullfrog skeletons
  A hell rat (Lair:5)
  14 worker ants
  2 hound skeletons
  17 adders
  4 gnolls (Orc:2)
  4 shadow imps
  10 oozes (D:6)
  An adder zombie (D:6)
  A worm (D:5)
  A dart slug (D:3)
  8 leopard geckos
  104 orcs
  3 ball pythons
  5 giant cockroaches
  11 goblins
  10 hobgoblins
  17 jackals
  A quokka (D:3)
  2 frilled lizards
  A jackal skeleton (D:6)
  A jackal zombie (D:6)
  16 kobolds
  8 rats
874 creatures vanquished.

Vanquished Creatures (others)
  15 fungi
  7 plants
  5 toadstools (D:1)
27 creatures vanquished.

Grand Total: 901 creatures vanquished

Notes
Turn   | Place    | Note
-------+----------+-------------------------------------------
     0 | D:1      | Eurus the Mummy Conjurer began the quest for the Orb.
     0 | D:1      | Reached XP level 1. HP: 13/13 MP: 4/4
   446 | D:1      | Reached XP level 2. HP: 20/20 MP: 2/5
   511 | D:1      | Reached skill level 3 in Spellcasting
   598 | D:1      | Learned a level 2 spell: Searing Ray
   819 | D:1      | Reached skill level 1 in Fighting
  1154 | D:1      | Reached XP level 3. HP: 26/26 MP: 5/7
  2380 | D:3      | Noticed a bullfrog
  2747 | D:3      | Reached XP level 4. HP: 21/33 MP: 1/9
  3219 | D:3      | Reached XP level 5. HP: 38/38 MP: 8/10
  3277 | D:3      | Reached skill level 4 in Spellcasting
  3524 | D:3      | Found a runed translucent door.
  3525 | D:3      | Noticed Crazy Yiuf
  3532 | D:3      | Killed Crazy Yiuf
  4334 | D:4      | Noticed Sigmund
  4393 | D:4      | Noticed an ogre
  4405 | D:4      | Killed an ogre
  4405 | D:4      | Reached skill level 1 in Armour
  4405 | D:4      | Reached skill level 5 in Conjurations
  4405 | D:4      | Reached XP level 6. HP: 38/46 MP: 7/12
  4411 | D:4      | Learned a level 4 spell: Iskenderun's Mystic Blast
  4934 | D:5      | Entered Level 5 of the Dungeon
  5107 | D:5      | Reached XP level 7. HP: 36/52 MP: 5/14
  5123 | D:5      | Noticed Menkaure
  5191 | D:5      | Found a sacrificial altar of Ru.
  5204 | D:5      | Reached skill level 5 in Spellcasting
  5204 | D:5      | Reached skill level 1 in Translocations
  5330 | D:5      | Killed Menkaure
  5582 | D:5      | Got an encrusted whip
  5738 | D:5      | Found a hide-covered altar of Uskayaw.
  5740 | D:5      | Found a shattered altar of Ashenzari.
  5740 | D:5      | Found an ancient bone altar of Kikubaaqudgha.
  5745 | D:5      | Became a worshipper of Ashenzari the Shackled
  5858 | D:5      | Noticed Grinder
  5870 | D:5      | Paralysed by Grinder for 5 turns
  5877 | D:5      | Killed Grinder
  5877 | D:5      | Reached XP level 8. HP: 59/60 MP: 7/16
  5969 | D:5      | Identified the +8 whip of Tuin {venom, rElec} (You found it
                  | on level 5 of the Dungeon)
  6234 | D:6      | Reached skill level 6 in Spellcasting
  6922 | D:6      | Noticed a hippogriff
  6929 | D:6      | Killed a hippogriff
  6929 | D:6      | Reached skill level 5 in Fighting
  7290 | D:6      | Noticed a slime creature
  7310 | D:6      | Reached XP level 9. HP: 58/68 MP: 19/19
  7324 | D:6      | Reached skill level 7 in Spellcasting
  8046 | D:7      | Reached skill level 8 in Spellcasting
  8500 | D:7      | Found a staircase to the Ecumenical Temple.
  8511 | Temple   | Entered the Ecumenical Temple
  8962 | D:7      | Reached XP level 10. HP: 63/77 MP: 15/22
  9271 | D:8      | Reached skill level 5 in Armour
  9966 | D:8      | Reached * piety under Ashenzari
 10414 | D:9      | Found a glowing golden altar of the Shining One.
 10417 | D:9      | Found a sacrificial altar of Ru.
 10418 | D:9      | Found a hazy altar of Hepliaklqana.
 10419 | D:9      | Found a stormy altar of Qazlal.
 10419 | D:9      | Found a blossoming altar of Fedhas.
 10419 | D:9      | Found a burning altar of Makhleb.
 10421 | D:9      | Found an opulent altar of Gozag.
 10422 | D:9      | Found a bloodstained altar of Trog.
 10611 | D:9      | Noticed Joseph
 10632 | D:9      | Found Noyf's Antique Weapon Boutique.
 10798 | D:9      | Reached skill level 5 in Translocations
 11232 | D:10     | Entered Level 10 of the Dungeon
 11248 | D:10     | Noticed a two-headed ogre
 11334 | D:10     | Killed an unseen horror
 11334 | D:10     | Reached skill level 9 in Spellcasting
 11494 | D:10     | Killed a two-headed ogre
 11533 | D:10     | Noticed Nergalle
 11554 | D:10     | Noticed Grum
 11563 | D:10     | Killed Grum
 11739 | D:10     | Reached XP level 11. HP: 84/84 MP: 11/24
 11945 | D:10     | Killed Nergalle
 12078 | D:10     | Noticed Maurice
 12105 | D:10     | Killed Maurice
 12193 | D:10     | Found a staircase to the Lair.
 12780 | Lair:1   | Entered Level 1 of the Lair of Beasts
 12879 | Lair:1   | Noticed a seven-headed hydra
 12900 | Lair:1   | Reached skill level 10 in Spellcasting
 12981 | Lair:1   | Reached ** piety under Ashenzari
 13379 | Lair:1   | Killed a seven-headed hydra
 14385 | Lair:2   | Reached *** piety under Ashenzari
 14451 | Lair:2   | Found a staircase to the Swamp.
 14971 | Lair:3   | Noticed a five-headed hydra
 14980 | Lair:2   | Killed a five-headed hydra
 15154 | Lair:3   | Identified the +5 war axe of Hootetug {protect, Str+2}
 15192 | Lair:3   | Noticed a death yak
 15194 | Lair:3   | Noticed a death yak
 15227 | Lair:2   | Killed a death yak
 15486 | Lair:3   | Killed a death yak
 15735 | Lair:3   | Reached XP level 12. HP: 88/94 MP: 21/26
 16179 | Lair:3   | Reached skill level 11 in Spellcasting
 17239 | Lair:4   | Found a staircase to the Snake Pit.
 18089 | Lair:5   | Noticed a four-headed hydra
 18098 | Lair:4   | Killed a four-headed hydra
 18169 | Lair:5   | Reached **** piety under Ashenzari
 19012 | Lair:5   | Reached skill level 10 in Fighting
 19012 | Lair:5   | Reached skill level 12 in Spellcasting
 19256 | Lair:5   | Found a staircase to the Slime Pits.
 19417 | Lair:4   | Gained mutation: You are in touch with the powers of death.
                  | [Mummy growth]
 19417 | Lair:4   | Reached XP level 13. HP: 94/103 MP: 22/29
 21168 | D:11     | Noticed Sonja
 21173 | D:11     | Killed Sonja
 21974 | D:11     | Identified the cursed +1 flail "Beetlebane" {freeze, Str+7
                  | Dex-2 Stlth+}
 22322 | D:12     | Reached ***** piety under Ashenzari
 22373 | D:12     | Found a staircase to the Orcish Mines.
 23377 | D:12     | Reached skill level 10 in Conjurations
 25235 | D:4      | Killed Sigmund
 25442 | D:9      | Killed Joseph
 25553 | Orc:1    | Entered Level 1 of the Orcish Mines
 26475 | Orc:2    | Entered Level 2 of the Orcish Mines
 26491 | Orc:2    | Found a staircase to the Elven Halls.
 27514 | Orc:2    | Noticed an orc warlord
 27676 | D:13     | Reached skill level 13 in Spellcasting
 28099 | D:13     | Noticed Josephine
 28121 | D:13     | Killed Josephine
 28716 | D:13     | Reached XP level 14. HP: 113/113 MP: 26/31
 29205 | D:14     | Found a gate to the Vaults.
 30206 | D:14     | Identified the +8 hunting sling "Uhikylis" {vorpal, *Contam
                  | Dex+3 Stlth+}
 30503 | D:15     | Entered Level 15 of the Dungeon
 30537 | D:15     | Learned a level 2 spell: Blink
 30540 | D:15     | Learned a level 2 spell: Shroud of Golubria
 30544 | D:15     | Learned a level 3 spell: Gell's Gravitas
 30549 | D:15     | Learned a level 4 spell: Passage of Golubria
 31231 | D:15     | Reached skill level 5 in Dodging
 31345 | D:15     | Found a runed translucent gate.
 31346 | D:15     | Found a runed translucent gate.
 31346 | D:15     | Found a runed translucent gate.
 31346 | D:15     | Noticed a purple very ugly thing
 32394 | D:15     | Reached skill level 14 in Spellcasting
 33355 | D:15     | Found a staircase to the Depths.
 33760 | Orc:1    | Killed an orc warlord
 33760 | Orc:1    | Reached skill level 10 in Armour
 34327 | Orc:2    | Noticed an orc warlord
 34496 | Orc:2    | Killed an orc warlord
 35387 | Orc:2    | Found a roughly hewn altar of Beogh.
 35405 | Orc:2    | Reached skill level 1 in Shields
 36013 | Orc:2    | Reached XP level 15. HP: 120/120 MP: 19/33
 36850 | Orc:2    | Found Uciqeeng's Book Emporium.
 36850 | Orc:2    | Found Huwu's Distillery.
 36852 | Orc:2    | Found Ceaxaf's Magic Scroll Emporium.
 36852 | Orc:2    | Found Tup Jie's Armour Boutique.
 36974 | Elf:1    | Entered Level 1 of the Elven Halls
 37245 | Swamp:1  | Entered Level 1 of the Swamp
 37889 | Swamp:1  | Reached skill level 5 in Shields
 38373 | Swamp:1  | Noticed a thorn hunter
 38859 | Swamp:1  | Killed a thorn hunter
 39266 | Swamp:2  | Noticed a thorn hunter
 39282 | Swamp:2  | Killed a thorn hunter
 41913 | Swamp:3  | Reached skill level 15 in Spellcasting
 41942 | Swamp:3  | HP: 3/122 [spiny frog (9)]
 43866 | Swamp:3  | Reached XP level 16. HP: 55/129 MP: 22/35
 44080 | Swamp:4  | Entered Level 4 of the Swamp
 44471 | Snake:1  | Entered Level 1 of the Snake Pit
 46651 | Snake:1  | Noticed Frances
 46745 | Snake:1  | Killed Frances
 47381 | Snake:1  | Noticed Azrael
 47547 | Snake:1  | Killed from afar by Azrael

Levels and vault maps discovered:
D:1:      ldierk_walled_garden, layout_basic
D:2:      layout_rooms, nicolae_underground_beach
D:3:      minmay_door_path, layout_basic, uniq_crazy_yiuf_cottage
D:4:      layout_loops_cross, ebering_dispersal_statue_hall, kennysheep_dice,
          uniq_sigmund
D:5:      layout_rooms, grunt_temple_overflow_diamond, first_ration,
          nicolae_ru_sacrificial_ziggurat, uniq_menkaure, uniq_grinder
D:6:      lemuel_slime, layout_loops_ring, hangedman_decor_push
D:7:      layout_basic, minmay_temple_entry_waves, grunt_livestock
D:8:      layout_cave_pools, nrook_mini_vaults
D:9:      layout_gridville, minitemple, serial_shops, shop_fountains,
          uniq_joseph
D:10:     layout_loops_cross, lair_entry_dummy, minmay_splitting_lines,
          uniq_grum, uniq_nergalle, uniq_maurice
D:11:     layout_long_grid, uniq_sonja
D:12:     layout_cave_pools, serial_bayou, serial_bayou_ford_a,
          serial_bayou_lake_a, serial_bayou_shore_a, serial_bayou_shore_b,
          roderic_lattice_a, kennysheep_pointless_box, minmay_door_square,
          hangedman_tell_no_tales
D:13:     layout_basic, serial_park_tiny_1, kennysheep_nub, serial_bayou_pond_a,
          serial_park_tiny_2, uniq_josephine
D:14:     layout_rooms, erik_vaults_1
D:15:     hangedman_depths_entry_try_elsewhere_first, layout_loops_ring,
          ploomutoo_gammafunk_ghost_potion_laboratory
Temple:   pf_slimified_temple
Lair:1:   layout_cave_pods
Lair:2:   layout_regular_city, swamp_mist_pool
Lair:3:   layout_regular_city
Lair:4:   layout_misc_corridors, minmay_snake_entry_six_corridors
Lair:5:   regret_index_tunnel_blossom, layout_regular_city,
          minmay_slime_entry_pillars, gammafunk_lair_bear_cave
Swamp:1:  layout_basic_swamp, wheals_swamp_sinkhole
Swamp:2:  layout_basic_swamp, hangedman_swamp_pad, swamp_pool1,
          cheibrodos_swamp_slimy, infiniplex_staircase_pool
Swamp:3:  layout_falls_marsh, infiniplex_staircase_pool_2
Swamp:4:  byrel_swamp_growth_death_and_undeath, layout_basic_swamp,
          ebering_ghost_xom
Snake:1:  layout_onion_interference, uniq_azrael, uniq_aizul, uniq_frances
Orc:1:    layout_caves
Orc:2:    grunt_orc_tribal_feast, layout_diamond_mine, minmay_orc_temple_a
Elf:1:    layout_geoelf_grid, hangedman_elf_disciples,
          hangedman_elf_targetted_burst, minivault_20,
          serial_sigils_hangedman_scar, nrook_mini_backslash, hex_medium,
          drop_trap, uniq_jorgrun

Skill      XL: |  1  2  3  4  5  6  7  8  9 10 11 12 13 14 15 16 |
---------------+-------------------------------------------------+-----
Spellcasting   | 3 4 5 6 8 9 10 12 13 14 15 | 15.5
Fighting       | 1 2 3 4 5 6 7 8 10 11 12 13 | 13.0
Conjurations   | 4 5 6 7 8 9 10 11 12 | 12.0
Armour         | 1 2 3 4 5 7 8 9 10 11 | 11.1
Translocations | 2 3 4 5 6 8 9 |  9.3
Dodging        | 4 5 0 |  0.0
Shields        | 1 7 8 |  8.0
Stealth        | 0 |  0.0

Action                   |  1- 3 |  4- 6 |  7- 9 | 10-12 | 13-15 | 16-18 || total
-------------------------+-------+-------+-------+-------+-------+-------++-------
Melee: Dagger            |    51 |    55 |    24 |       |       |       ||   130
       Whip              |       |       |    67 |   135 |   106 |    12 ||   320
 Cast: Magic Dart        |    60 |    18 |    39 |   119 |   392 |    40 ||   668
       Searing Ray       |     5 |    15 |    47 |   169 |   537 |    87 ||   860
       Iskenderun's Myst |       |       |       |    11 |    84 |    13 ||   108
       Blink             |       |       |       |       |     1 |       ||     1
Invok: Curse Item        |       |       |     1 |     3 |     1 |       ||     5
       Transfer Knowledg |       |       |       |       |     2 |     1 ||     3
Evoke: Wand              |       |       |       |       |     2 |     1 ||     3
  Use: Scroll            |     3 |       |     7 |     7 |     7 |       ||    24
 Stab: Sleeping          |       |       |     1 |     1 |     3 |       ||     5
Armor: Robe              |    15 |    19 |    70 |   170 |   230 |       ||   504
       Scale mail        |       |       |       |       |   252 |    82 ||   334
Dodge: Dodged            |    48 |    54 |    97 |   305 |   537 |    41 ||  1082
Block: Kite shield       |       |       |       |       |   252 |    93 ||   345

Table legend:
 A = Non-vault XP
 B = Vault XP
 C = Vault XP percentage of total XP
 D = Non-vault monster count
 E = Vault monster count
 F = Vault count percentage of total count
                 A         B        C        D         E       F
            +---------+---------+-------+---------+---------+-------
      Total |  148917 |   27310 |  15.5 |     742 |     132 |  15.1
            +---------+---------+-------+---------+---------+-------
        D:1 |      59 |       0 |   0.0 |      26 |       0 |   0.0
        D:2 |     121 |       0 |   0.0 |      19 |       0 |   0.0
        D:3 |     138 |      45 |  24.6 |      29 |       2 |   6.5
        D:4 |     233 |     243 |  51.1 |       8 |       2 |  20.0
        D:5 |     629 |     451 |  41.8 |      23 |       2 |   8.0
        D:6 |    1185 |     737 |  38.3 |      20 |      20 |  50.0
        D:7 |    1143 |     969 |  45.9 |      22 |       5 |  18.5
        D:8 |    1523 |       0 |   0.0 |      39 |       0 |   0.0
        D:9 |     740 |     486 |  39.6 |       5 |       1 |  16.7
       D:10 |    3600 |    1942 |  35.0 |      33 |       7 |  17.5
       D:11 |    6927 |     802 |  10.4 |      48 |       1 |   2.0
       D:12 |    3954 |     282 |   6.7 |      58 |       6 |   9.4
       D:13 |    5701 |    1800 |  24.0 |      23 |       5 |  17.9
       D:14 |    6554 |    1808 |  21.6 |      23 |       2 |   8.0
       D:15 |   18544 |    1737 |   8.6 |      40 |       3 |   7.0
     Lair:1 |    2937 |       0 |   0.0 |      14 |       0 |   0.0
     Lair:2 |    3849 |       0 |   0.0 |      13 |       0 |   0.0
     Lair:3 |    4119 |       0 |   0.0 |      18 |       0 |   0.0
     Lair:4 |    6837 |    2086 |  23.4 |      27 |      16 |  37.2
     Lair:5 |    5061 |    2338 |  31.6 |      17 |      16 |  48.5
    Swamp:1 |   11509 |     262 |   2.2 |      25 |       1 |   3.8
    Swamp:2 |   19946 |     823 |   4.0 |      53 |       3 |   5.4
    Swamp:3 |   14281 |       0 |   0.0 |      31 |       0 |   0.0
    Swamp:4 |     290 |       0 |   0.0 |       1 |       0 |   0.0
    Snake:1 |   17233 |    2623 |  13.2 |      33 |       3 |   8.3
      Orc:1 |    4497 |       0 |   0.0 |      48 |       0 |   0.0
      Orc:2 |    5756 |    7876 |  57.8 |      43 |      37 |  46.2
      Elf:1 |    1551 |       0 |   0.0 |       3 |       0 |   0.0
            +---------+---------+-------+---------+---------+-------
